 Dungeon Crawl Stone Soup version 0.19.1-1-g22dce08 (webtiles) character file.

273 Macro the Shield-Bearer (level 6, -13/42 HPs)
             Began as a Halfling Fighter on Jan 14, 2017.
             Was an Initiate of Qazlal.
             Killed by divine providence
             ... invoked by an orc priest
              (15 damage)
             ... on level 4 of the Dungeon.
             The game lasted 00:19:51 (3568 turns).

Macro the Shield-Bearer (Halfling Fighter)          Turns: 3568, Time: 00:19:52

Health: -13/42     AC:  7    Str: 15 (17) XL:     6   Next: 48%
Magic:  6/6        EV:  9    Int:  9 (10) God:    Qazlal [......]
Gold:   199        SH: 10    Dex: 15 (16) Spells: 0 memorised, 5 levels left

rFire  . . .     SeeInvis .     i - +1 short sword (flame)
rCold  . . .     Gourm    .     b - +0 scale mail
rNeg   + . .     Faith    .     c - +0 shield
rPois  .         Spirit   .     (no helmet)
rElec  .         Reflect  .     (no cloak)
rCorr  .         Harm     .     (no gloves)
MR     .....                    (no boots)
Stlth  ..........               (no amulet)
                                w - ring of positive energy
                                q - +4 ring of intelligence

@: flying
A: mutation resistance 1
a: Renounce Religion


You were on level 4 of the Dungeon.
You worshipped Qazlal.
Qazlal was noncommittal.
You were not hungry.

You visited 1 branch of the dungeon, and saw 4 of its levels.
You also visited: Sewer.

You collected 199 gold pieces.

Inventory:

Hand Weapons
 a - a +0 rapier
 i - a +1 short sword of flaming (weapon)
 v - a +0 dagger of flaming
 D - a +3 flail of protection
 I - a +1 short sword of protection
Missiles
 m - 6 needles of paralysis (quivered)
Armour
 b - a +0 scale mail (worn)
 c - a +0 shield (worn)
Jewellery
 q - a +4 ring of intelligence (left hand)
 w - a ring of positive energy (right hand)
Wands
 u - a wand of acid (8/15)
Scrolls
 e - 9 scrolls of identify {unknown}
 g - a scroll of random uselessness {unknown}
 j - a scroll of enchant weapon {unknown}
 k - 2 scrolls of fog {unknown}
 s - 4 scrolls of teleportation {unknown}
 x - 2 scrolls of blinking {unknown}
 y - a scroll of noise {unknown}
 E - a scroll of recharging {unknown}
 F - a scroll of remove curse {unknown}
 G - a scroll of immolation {unknown}
Potions
 d - 2 potions of might
 n - 2 potions of brilliance
 p - a potion of degeneration
 t - a potion of flight
 z - 2 potions of invisibility {unknown}
 A - a potion of lignification {unknown}
 B - a potion of haste {unknown}
Comestibles
 f - 2 bread rations
 h - 5 fruits
 l - a slice of pizza
 C - 2 beef jerkies
 H - 2 chunks of flesh


   Skills:
 + Level 3.1 Fighting
 + Level 4.6 Short Blades
 + Level 4.6 Armour
 + Level 0.5 Stealth
 + Level 5.0 Shields


You had 5 spell levels left.
You didn't know any spells.

Dungeon Overview and Level Annotations

Branches:
Dungeon (4/15)
 Temple: D:4-7

Altars:
Qazlal


Innate Abilities, Weirdness & Mutations

You are small and have problems with some larger weapons.
You are somewhat resistant to further mutation.


Message History

The orc priest barely misses you.
You hit the orc priest but do no damage.
The orc priest is heavily wounded.
The orc priest invokes the aid of Beogh against you.
Pain shoots through your body!
* * * LOW HITPOINT WARNING * * *
Your shield prevents you from hitting the orc priest.
The orc priest is heavily wounded.
The orc priest invokes the aid of Beogh against you.
Beogh smites you!
* * * LOW HITPOINT WARNING * * *
You block the orc priest's attack.
You barely miss the orc priest.
The orc priest is heavily wounded.
It was a potion of flight.
You feel very buoyant.
You fly up into the air.
The orc priest calls down the wrath of Beogh upon you.
Beogh smites you!
You die...

###
################.#
#................#
#.##############.#
#.# #.# #.# #.#
#.# #########.#
#.# #oo@....#.# #
#.# #.#####.#.#
#### # #.# #)#
#.#.# #... # #.#
#o# #.#.#######...
# #.# #.#
#.#.......[... #
#.# #.#
#.#########... #
#.# #.#.# #.# #...
#######.# #.#.#
#.# #... ......#.#
#.#.# #.##### #...


You could see 2 orc priests.

Vanquished Creatures
  An orc wizard (D:4)
  A hound (D:4)
  Terence (D:3)
  A worker ant (D:4)
  A howler monkey skeleton (D:4)
  A river rat (D:3)
  2 adders
  An ooze (D:1)
  An adder skeleton (D:4)
  5 worms
  9 leopard geckos
  8 orcs (D:4)
  6 giant cockroaches
  12 hobgoblins
  7 jackals
  A quokka (D:4)
  5 ball pythons
  4 bats
  7 frilled lizards
  3 goblins
  6 kobolds
  7 rats
90 creatures vanquished.

Notes
Turn   | Place    | Note
-------+----------+-------------------------------------------
     0 | D:1      | Macro the Halfling Fighter began the quest for the Orb.
     0 | D:1      | Reached XP level 1. HP: 15/15 MP: 1/1
   136 | D:1      | Reached XP level 2. HP: 17/20 MP: 2/2
   356 | D:1      | Reached XP level 3. HP: 21/25 MP: 3/3
  1030 | D:2      | Reached skill level 4 in Shields
  1146 | D:2      | Reached XP level 4. HP: 30/30 MP: 4/4
  1909 | D:3      | Noticed Terence
  1919 | D:3      | Killed Terence
  1919 | D:3      | Reached XP level 5. HP: 14/36 MP: 5/5
  2072 | D:3      | Found a glowing drain.
  2090 | Sewer    | Entered a sewer
  2727 | D:3      | Noticed a fire elemental
  2729 | D:3      | Found a stormy altar of Qazlal.
  2730 | D:3      | Noticed a water elemental
  2730 | D:3      | Noticed an air elemental
  2738 | D:3      | Became a worshipper of Qazlal Stormbringer
  2973 | D:4      | Reached XP level 6. HP: 23/42 MP: 6/6
  3531 | D:4      | Reached skill level 5 in Shields
  3561 | D:4      | HP: 1/42 [orc priest/divine providence (9)]
  3566 | D:4      | HP: 2/42 [orc priest/divine providence (10)]
  3568 | D:4      | Killed from afar by an orc priest

Skill      XL: |  1  2  3  4  5  6 |
---------------+-------------------+-----
Shields        | 4 5 |  5.0
Short Blades   | 3 4 |  4.6
Armour         | 4 |  4.6
Fighting       | 3 |  3.1
Stealth        | |  0.5

Action                   |  1- 3 |  4- 6 || total
-------------------------+-------+-------++-------
Melee: Rapier            |    14 |       ||    14
       Short sword       |    83 |   272 ||   355
  Use: Potion            |     1 |     5 ||     6
  Eat: Chunk             |       |     8 ||     8
       Beef jerky        |       |     1 ||     1
Armor: Scale mail        |    35 |    67 ||   102
Dodge: Dodged            |    23 |    94 ||   117
Block: Shield            |    34 |   119 ||   153
